 Dungeon Crawl Stone Soup version 0.31-a0-1-g4198be8af4 (webtiles) character file.

Game seed: 2633352948536364353

93 123456 the Trooper (level 4, -3/41 HPs)
             Began as a Minotaur Fighter on May 2, 2023.
             Slain by a killer bee zombie (5 damage)
             ... on level 3 of the Dungeon.
             The game lasted 00:02:10 (2236 turns).

123456 the Trooper (Minotaur Fighter)               Turns: 2236, Time: 00:02:10

Health: -3/41      AC: 12    Str: 22      XL:     4   Next: 37%
Magic:  3/3        EV:  9    Int:  2 (5)  God:
Gold:   107        SH:  4    Dex:  8 (10) Spells: 3/3 levels left

rFire   . . .        a - +0 flail
rCold   . . .        c - +0 buckler
rNeg    . . .        b - +0 scale mail
rPois   .            (helmet restricted)
rElec   .            h - +2 cloak {rCorr}
rCorr   +            g - +1 pair of gloves
SInv    .            (no boots)
Will    .....        (no amulet) Stlth
                     (no ring)
HPRegen 0.26/turn    (no ring)
MPRegen 0.08/turn

%: no passive effects
@: mighty
A: horns 2, retaliatory headbutt
a: no special abilities


You were on level 3 of the Dungeon.
You visited 1 branch of the dungeon, and saw 3 of its levels.

You collected 107 gold pieces.

Inventory:

Hand Weapons
 a - a +0 flail (weapon)
Armour
 b - a +0 scale mail (worn)
 c - a +0 buckler (worn)
 g - a +1 pair of gloves (worn)
 h - a +2 cloak of preservation (worn)
Scrolls
 f - 5 scrolls of identify {unknown}
 k - 3 scrolls of teleportation {unknown}
 l - a scroll of blinking {unknown}
 m - a scroll of enchant armour {unknown}
Potions
 d - a potion of might
 e - a potion of flight
 i - a potion of lignification {unknown}
 j - a potion of mutation {unknown}
 n - 2 potions of heal wounds {unknown}


   Skills:
 * Level 4.6 Fighting
 * Level 3.8 Maces & Flails
 + Level 4.1 Armour
 + Level 1.6 Dodging
 - Level 3.6 Shields


You had 3 spell levels left.
You didn't know any spells.
Your spell library contained the following spells:

 Spells                   Type           Power      Damage    Failure   Level
 Poisonous Vapours        Pois/Air       0%         N/A       97%         2
 Dazzling Flash           Conj/Hex       0%         N/A       99%         3
 Mephitic Cloud           Conj/Pois/Air  0%         N/A       99%         3
 Volatile Blastmotes      Fire/Tloc      0%         2d10      99%         3
 Iskenderun's Mystic Bla  Conj/Tloc      0%         2d3       100%        4
 Freezing Cloud           Conj/Ice/Air   0%         6-21      100%        5
 Starburst                Conj/Fire      0%         6d3       100%        6


Dungeon Overview and Level Annotations

Branches:
Dungeon (3/15)

Altars:
Fedhas


Innate Abilities, Weirdness & Mutations

You have a pair of horns on your head.
You reflexively headbutt those who attack you in melee.


Message History

The killer bee zombie barely misses you.
The bullfrog zombie hits you but does no damage.
Unknown command.
You feel very mighty all of a sudden.
The killer bee zombie barely misses you.
You furiously retaliate!
You headbutt the killer bee zombie!
The bullfrog zombie hits you but does no damage.
You block blaah's ghost's attack.
You barely miss blaah's ghost.
Blaah's ghost is moderately damaged.
The killer bee zombie closely misses you.
The killer bee zombie hits you but does no damage.
The bullfrog zombie hits you but does no damage.
Blaah's ghost hits you.
* * * LOW HITPOINT WARNING * * *
The killer bee zombie barely misses you.
The bullfrog zombie hits you but does no damage.
You sock blaah's ghost!
Blaah's ghost is severely damaged.
You block the killer bee zombie's attack.
Blaah's ghost hits you but does no damage.
The bullfrog zombie hits you but does no damage.
The killer bee zombie hits you.
* * * LOW HITPOINT WARNING * * *
Unknown command.
You closely miss blaah's ghost.
Blaah's ghost is severely damaged.
The killer bee zombie closely misses you.
The bullfrog zombie barely misses you. You furiously retaliate!
You headbutt the bullfrog zombie!
Blaah's ghost hits you but does no damage.
The killer bee zombie hits you but does no damage.
You block the bullfrog zombie's attack.
Unknown command.
Unknown command.
You sock blaah's ghost!
You destroy blaah's ghost!
The killer bee zombie barely misses you.
The killer bee zombie hits you.
You die...

. #######.....##### >
................#
.......©........#
.#############..#
#.........Z.#..#
...........#..####
#..##...##..#.....#
#..#8.Z.8#..#..#..#
#..##..@##..#..#..#
#.....©.Z...#.)#..######
#..##...##..#....<†....#
# #8...8# !#.....####.#
##...## #.....# .....
#.†...# ..$$... #....##
######## #...... ..©..
......#.#


You could see a bullfrog zombie and a killer bee zombie.

Vanquished Creatures
  The ghost of blaah the Covered, an amateur HuFi (D:3)
  Crazy Yiuf (D:2)
  A shadow imp (D:3)
  2 worms (D:2)
  5 dart slugs
  4 ball pythons
  8 bats
  3 endoplasms
  3 giant cockroaches (D:1)
  2 goblins
  4 hobgoblins
  3 kobolds
  A frilled lizard (D:3)
  4 rats
42 creatures vanquished.

Notes
Turn   | Place    | Note
-------+----------+-------------------------------------------
     0 | D:1      | 123456 the Minotaur Fighter began the quest for the Orb.
     0 | D:1      | Reached XP level 1. HP: 19/19 MP: 0/0
    88 | D:1      | Reached XP level 2. HP: 26/27 MP: 1/1
   780 | D:2      | Reached skill level 1 in Dodging
   781 | D:2      | Reached XP level 3. HP: 33/33 MP: 2/2
  1097 | D:2      | Found a blossoming altar of Fedhas.
  1297 | D:2      | Found a runed translucent door.
  1298 | D:2      | Noticed Crazy Yiuf
  1378 | D:2      | Killed Crazy Yiuf
  1378 | D:2      | HP: 2/51 [poisoned by Crazy Yiuf]
  1379 | D:2      | Reached XP level 4. HP: 3/41 MP: 3/3
  2163 | D:3      | Found a transporter.
  2165 | D:3      | Noticed blaah's ghost (amateur HuFi)
  2234 | D:3      | HP: 1/41 [killer bee zombie (5)]
  2236 | D:3      | Killed blaah's ghost
  2236 | D:3      | Slain by a killer bee zombie

Illustrated notes

Levels and vault maps discovered:
D:1:      dpeg_arrival_pits, layout_basic
D:2:      layout_basic, basic_altar, uniq_crazy_yiuf_cottage
D:3:      layout_loops_ring, lemuel_tele_altar, gammafunk_ghost_mausoleum,
          ebering_ecumenical_altar_ruins

Skill      XL: |  1  2  3 |
---------------+----------+-----
Fighting       | 4 |  4.6
Maces & Flails | 3 |  3.8
Dodging        | 1 |  1.6
Armour         | 4 |  4.1
Shields        | |  3.6

Action                     |  1- 3 |  4- 6 || total
---------------------------+-------+-------++-------
  Melee: Flail             |    67 |    23 ||    90
         Headbutt          |     9 |     3 ||    12
    Use: Potion            |     2 |     1 ||     3
 Armour: Scale mail        |    34 |    29 ||    63
  Dodge: Dodged            |    31 |    18 ||    49
  Block: Buckler           |    10 |    12 ||    22

Table legend: (Time is in decaauts)
 A = Elapsed time spent in this place.
 B = Non-inter-level travel time spent in this place.
 C = Inter-level travel time spent in this place.
 D = Time resting spent in this place.
 E = Time spent auto-exploring this place.
 F = Levels seen in this place.
 G = Mean time per level.
                   A        B        C        D        E       F      G
               +--------+--------+--------+--------+--------+-----+--------+
         Total |   2271 |   2105 |    166 |    352 |   1456 |   3 |  757.0 |
       Dungeon |   2271 |   2105 |    166 |    352 |   1456 |   3 |  757.0 |
               +--------+--------+--------+--------+--------+-----+--------+

Top non-repeatable levels by time:
     D:2: 1505 daAuts
     D:1: 669 daAuts
     D:3: 97 daAuts
